 Dungeon Crawl Stone Soup version 0.22-a0-265-g0d8bc90 (webtiles) character file.

14 Amnesiac the Sneak (level 2, -1/13 HPs)
             Began as a Spriggan Enchanter on Mar 7, 2018.
             Slain by a worm (12 damage)
             ... on level 2 of the Dungeon.
             The game lasted 00:01:51 (623 turns).

Amnesiac the Sneak (Spriggan Enchanter)              Turns: 623, Time: 00:01:53

Health: -1/13      AC:  2    Str:  4    XL:     2   Next: 31%
Magic:  0/6        EV: 18    Int: 16    God:
Gold:   20         SH:  0    Dex: 16    Spells: 3/6 levels left

rFire    . . .     SeeInvis +   a - +1 dagger
rCold    . . .     Gourm    .   (shield restricted)
rNeg     . . .     Faith    .   b - +0 robe
rPois    .         Spirit   .   (helmet restricted)
rElec    .         Reflect  .   (no cloak)
rCorr    .         Harm     .   (gloves unavailable)
MR       .....                  (boots unavailable)
Stlth    +++.......             (no amulet)
HPRegen  0.04/turn              (no ring)
MPRegen  0.10/turn              (no ring)

@: very quick
A: very small, unfitting armour, see invisible, herbivore, speed 3, slow
metabolism 2
a: no special abilities


You were on level 2 of the Dungeon.
You were not hungry.

You visited 1 branch of the dungeon, and saw 2 of its levels.

You collected 20 gold pieces.

Inventory:

Hand Weapons
 a - a +1 dagger (weapon)
Missiles
 e - 7 stones (quivered)
Armour
 b - a +0 robe (worn)
Scrolls
 f - a scroll of enchant weapon {!r, unknown}
Potions
 c - a potion of heal wounds {!q, unknown}
Comestibles
 d - a ration


   Skills:
 - Level 2.0 Short Blades
 - Level 3.0 Dodging
 + Level 5.1 Stealth
 - Level 2.6 Spellcasting
 - Level 3.6 Hexes


You had 3 spell levels left.
You knew the following spells:

 Your Spells              Type           Power        Failure   Level  Hunger
a - Ensorcelled Hibernat  Hex/Ice        #.....       14%         2    ##.....
b - Corona                Hex            ##.....      4%          1    #......


Dungeon Overview and Level Annotations

Branches:
Dungeon (2/15)

Altars:


Innate Abilities, Weirdness & Mutations

You are very small and have problems with some larger weapons.
You are too small for most types of armour.
You have supernaturally acute eyesight. (SInv)
You are a herbivore.
You cover ground extremely quickly.
You need to consume almost no food.


Message History

The bat closely misses you.
Casting: Ensorcelled Hibernation (safe; 14% risk of failure)
Confirm with . or Enter, or press ? or * to list all spells.
Aiming: Ensorcelled Hibernation (safe; 14% risk of failure)
Press: ? - help, Shift-Dir - straight line, f - bat
Aim: a bat (moderately wounded, chance to defeat MR: 56%)
The bat looks drowsy...
Unknown command.
The helpless bat fails to defend itself.
You impale the bat!!
You kill the bat!
You start resting.
Magic restored.
You now have 20 gold pieces (gained 10).
f - a scroll labeled MUGETHR MATEM {!r} A goblin comes into view.
A goblin is nearby!
A bat comes into view.
A worm comes into view.
The goblin shouts!
The goblin hits you.
You hit the goblin.
The goblin is heavily wounded.
The goblin barely misses you.
You miss the goblin.
The goblin is heavily wounded.
You barely miss the goblin.
The goblin is heavily wounded.
The goblin barely misses you.
You hit the goblin.
The goblin is severely wounded.
The goblin closely misses you.
You closely miss the goblin.
The goblin is severely wounded.
The goblin hits you.
You hit the goblin.
You kill the goblin!
The bat barely misses you. The bat misses you.
You see here a goblin corpse.
The bat barely misses you. The bat closely misses you.
Casting: Ensorcelled Hibernation (safe; 14% risk of failure)
Confirm with . or Enter, or press ? or * to list all spells.
Aiming: Ensorcelled Hibernation (safe; 14% risk of failure)
Press: ? - help, Shift-Dir - straight line, f - bat
Aim: a bat (chance to defeat MR: 56%)
The bat resists with significant effort.
The bat barely misses you.
Unknown command.
Casting: Ensorcelled Hibernation (safe; 14% risk of failure)
Confirm with . or Enter, or press ? or * to list all spells.
Aiming: Ensorcelled Hibernation (safe; 14% risk of failure)
Press: ? - help, Shift-Dir - straight line, f - worm
Aim: a worm (chance to defeat MR: 48%)
The worm resists with some effort.
Casting: Ensorcelled Hibernation (safe; 14% risk of failure)
Confirm with . or Enter, or press ? or * to list all spells.
Aiming: Ensorcelled Hibernation (safe; 14% risk of failure)
Press: ? - help, Shift-Dir - straight line, f/p - worm
Aim: a worm (chance to defeat MR: 48%)
The worm resists with some effort.
The worm bites you!
Ouch! That really hurt!
You die...

... #.#.######## . ..
#.#.########
....########.#.........
...............########
...#######.#.#
#######.#.......#.#
..............#.#.#
..####†##.####.#.#
.......bw@.........
...####.#.#.#####..
#.#.#.# ### #.#.#..
#.#.#..# #.#.#...
#.#.#.#.# #.#.#


You could see a worm and a bat.

Vanquished Creatures
  3 goblins
  A hobgoblin (D:1)
  A ball python (D:1)
  2 bats
  A frilled lizard (D:1)
  3 kobolds
  4 rats (D:1)
15 creatures vanquished.

Notes
Turn   | Place    | Note
-------+----------+-------------------------------------------
     0 | D:1      | Amnesiac the Spriggan Enchanter began the quest for the Orb.
     0 | D:1      | Reached XP level 1. HP: 9/9 MP: 5/5
   250 | D:1      | Reached XP level 2. HP: 13/13 MP: 0/6
   254 | D:1      | Learned a level 2 spell: Ensorcelled Hibernation
   402 | D:2      | Reached skill level 5 in Stealth
   623 | D:2      | Slain by a worm

Vault maps used:
D:1:      minmay_arrival_shoal_huts, serial_bayou_crossing

Skill      XL: |  1  2 |
---------------+-------+-----
Short Blades   | 2 |  2.0
Stealth        | 5 |  5.1
Dodging        | |  3.0
Spellcasting   | |  2.6
Hexes          | |  3.6

Action                   || total
-------------------------++-------
Melee: Dagger            ||    44
 Cast: Corona            ||     7
       Ensorcelled Hiber ||     5
 Stab: Sleeping          ||     5
Armor: Robe              ||     5
Dodge: Dodged            ||    45

Table legend:
 A = Spawn XP
 B = Non-spawn XP
 C = Spawn XP percentage of total XP
 D = Spawn monster count
 E = Non-spawn monster count
 F = Spawn count percentage of total count
 G = Total turns spent on level
                    A         B        C        D         E        F      G
               +---------+---------+-------+---------+---------+-------+---------
         Total |       0 |      21 |   0.0 |       0 |      15 |   0.0 |   623
               +---------+---------+-------+---------+---------+-------+---------
           D:1 |       0 |      16 |   0.0 |       0 |      12 |   0.0 |   401
           D:2 |       0 |       5 |   0.0 |       0 |       3 |   0.0 |   222
               +---------+---------+-------+---------+---------+-------+---------
